 Dungeon Crawl Stone Soup version 0.31-a0-229-g1fc7ce93e2 (webtiles) character file.

Game seed: 17310996838190862725

37 qw the Shooter (level 3, 0/21 HPs)
             Began as a Gargoyle Hexslinger on July 6, 2023.
             Slain by a gnoll
             ... wielding a +0 club
              (3 damage)
             ... on level 2 of the Dungeon.
             The game lasted 00:00:23 (928 turns).

qw the Shooter (Gargoyle Hexslinger)                 Turns: 928, Time: 00:00:24

Health: 0/21       AC:  5    Str: 11    XL:     3   Next: 41%
Magic:  1/1        EV: 12    Int: 13    God:
Gold:   86         SH:  0    Dex: 14    Spells: 3/4 levels left

rFire   . . .        a - +2 sling (antimagic)
rCold   . . .        (no shield)
rNeg    + . .        c - +0 robe
rPois   inf          (no helmet)
rElec   +            (no cloak)
rCorr   .            (no gloves)
SInv    .            (no boots)
Will    .....        (no amulet)
Stlth   +            (no ring)
HPRegen 0.23/turn    (no ring)
MPRegen 0.07/turn

%: no passive effects
@: no status effects
A: sickness immunity, AC +3, negative energy resistance 1, electricity
resistance, torment resistance 1, petrification resistance
a: no special abilities


You were on level 2 of the Dungeon.
You visited 1 branch of the dungeon, and saw 2 of its levels.

You collected 86 gold pieces.


Innate Abilities, Weirdness & Mutations

You are immune to sickness and miasma.
Your stone body is resilient. (AC +3)
You are immune to poison.
You resist negative energy. (rN+)
You are resistant to electric shocks. (rElec)
You are resistant to unholy torment.
You are immune to petrification.


   Skills:
 - Level 2.0 Fighting
 + Level 3.3 Ranged Weapons
 - Level 1.5 Dodging
 - Level 1.0 Spellcasting
 - Level 2.6 Hexes


You had 3 spell levels left.
You knew the following spells:

 Your Spells              Type           Power      Damage    Failure   Level
a - Slow                  Hex            28%        N/A       10%         1

Your spell library contained the following spells:

 Spells                   Type           Power      Damage    Failure   Level
 Inner Flame              Hex/Fire       4%         N/A       43%         3
 Portal Projectile        Hex/Tloc       8%         N/A       43%         3
 Cause Fear               Hex            3%         N/A       67%         4

Inventory:

Hand Weapons
 a - a +2 antimagic sling (weapon)
Armour
 c - a +0 robe (worn)
Potions
 d - a potion of might {unknown}

Dungeon Overview and Level Annotations

Branches:
Dungeon (2/15)

Altars:


Message History

The sling bullet hits the giant cockroach.
The giant cockroach is moderately wounded.
A gnoll comes into view. It is wielding a +0 club.
A quokka comes into view.
You shoot a sling bullet.
The sling bullet closely misses the giant cockroach.
The sling bullet closely misses the gnoll.
The sling bullet barely misses the gnoll.
The gnoll shouts!
The sling bullet hits the quokka.
The quokka is moderately wounded.
A kobold comes into view. It is wielding a +0 short sword.
You shoot a sling bullet.
The sling bullet hits the giant cockroach.
The giant cockroach is almost dead.
The giant cockroach barely misses you.
A gnoll comes into view. It is wielding a +0 whip.
You shoot a sling bullet.
The sling bullet closely misses the giant cockroach.
The gnoll shouts!
The sling bullet hits the gnoll.
The gnoll is lightly wounded.
The giant cockroach barely misses you. The gnoll closely misses you.
The giant cockroach bites you but does no damage.
You shoot a sling bullet.
The sling bullet hits the giant cockroach.
You kill the giant cockroach!
The gnoll hits you with a +1 flail of holy wrath.
You shoot a sling bullet. The sling bullet hits the gnoll.
The gnoll is heavily wounded.
The gnoll hits you with a +0 club.
The gnoll hits you with a +1 flail of holy wrath.
The gnoll hits you with a +1 flail of holy wrath!
The gnoll hits you with a +0 club.
You shoot a sling bullet.
The sling bullet barely misses the gnoll.
The sling bullet hits the gnoll.
The gnoll is lightly wounded.
The gnoll hits you with a +0 club.
You die...

........#
........# .......#
#####.# .K....#
#.....# #g.?.#
#.##..# #...r#
#.#...# #..gg#
#.#...# #
#g@###.#...# .#
##.)##.)..######.#
##>....%%.......#.
#.#####.##)......
#.# #.###.#####
#.# #.# #<# #.#
#.# ### #.. ..#
### ###


You could see 4 gnolls, a quokka and a kobold.

Vanquished Creatures
  A worm (D:2)
  2 dart slugs (D:1)
  3 endoplasms (D:1)
  2 giant cockroaches
  A goblin (D:2)
  A hobgoblin (D:1)
  6 kobolds
  2 quokkas
  2 ball pythons
  3 bats (D:1)
  A frilled lizard (D:2)
  6 rats (D:1)
30 creatures vanquished.

Notes
Turn   | Place    | Note
-------+----------+-------------------------------------------
     0 | D:1      | qw the Gargoyle Hexslinger began the quest for the Orb.
     0 | D:1      | Reached XP level 1. HP: 12/12 MP: 2/2
     0 | D:1      | 0 ||| qw: Version: 0.3-a-46-gb1f654a
     0 | D:1      | 0 ||| qw: Game counter: 1154
     0 | D:1      | 0 ||| qw: Melee chars always use a shield: true
     0 | D:1      | 0 ||| qw: God list: Okawaru
     0 | D:1      | 0 ||| qw: Allow faded altars: false
     0 | D:1      | 0 ||| qw: Do Orc after clearing Dungeon:15 true
     0 | D:1      | 0 ||| qw: Do second Lair branch before Depths: true
     0 | D:1      | 0 ||| qw: Lair rune preference: random
     0 | D:1      | 0 ||| qw: Goals: Normal
     0 | D:1      | 0 ||| PLANNING D:1-11
    75 | D:1      | Reached XP level 2. HP: 14/16 MP: 3/3
   224 | D:1      | Reached skill level 3 in Ranged Weapons
   330 | D:1      | 330 ||| Stepping ~*~*~tactically~*~*~ (outnumbered).
   452 | D:1      | Reached XP level 3. HP: 21/21 MP: 4/4
   741 | D:1      | 741 ||| READING scroll labelled SUMOOS FOECS.
   842 | D:1      | 842 ||| READING scroll labelled DETSOEG KITIS.
   843 | D:1      | 843 ||| READING scroll labelled UGIGUT INLY.
   844 | D:1      | 844 ||| READING scroll labelled XAOHERAALI.
   845 | D:1      | 845 ||| DROPPING scroll of poison.
   878 | D:2      | 878 ||| SWAPPING to +2 antimagic sling.
   879 | D:2      | 879 ||| DROPPING +1 sling.
   927 | D:2      | HP: 2/21 [gnoll/+0 club (5)]
   928 | D:2      | Slain by a gnoll

Levels and vault maps discovered:
D:1:      minmay_arrival_radiant_lines, layout_basic
D:2:      layout_basic, serial_glass, glass_columns_a, glass_columns_b,
          minmay_tree_intersection

Skill      XL: |  1  2 |
---------------+-------+-----
Ranged Weapons | 3 |  3.3
Fighting       | 2 |  2.0
Dodging        | |  1.5
Spellcasting   | |  1.0
Hexes          | |  2.6

Action                     || total
---------------------------++-------
   Fire: Sling             ||   101
    Use: Scroll            ||     4
 Armour: Robe              ||    14
  Dodge: Dodged            ||    30

Table legend:
 A = Non-vault XP
 B = Vault XP
 C = Vault XP percentage of total XP
 D = Non-vault monster count
 E = Vault monster count
 F = Vault count percentage of total count
                 A         B        C        D         E       F
            +---------+---------+-------+---------+---------+-------
      Total |      54 |       0 |   0.0 |      30 |       0 |   0.0
            +---------+---------+-------+---------+---------+-------
        D:1 |      40 |       0 |   0.0 |      23 |       0 |   0.0
        D:2 |      14 |       0 |   0.0 |       7 |       0 |   0.0
            +---------+---------+-------+---------+---------+-------
